WCHLSIM.com - West Coast Hockey League
html PUBLIC "-//W3C//DTD XHTML 1.0 Transitional//EN" "http://www.w3.org/TR/xhtml1/DTD/xhtml1-transitional.dtd"> WCHL - Game 909 - SALEM BLACK JAYS vs SPOKANE KNIGHTS

SALEM BLACK JAYS vs SPOKANE KNIGHTS

Created - 26 février 2020 at 22:37

Goals
1 2 3 OT1 T
SALEM BLACK JAYS 2 2 2 1 7
SPOKANE KNIGHTS 2 2 2 0 6
Shots
1 2 3 OT1 T
SALEM BLACK JAYS 5 10 10 1 26
SPOKANE KNIGHTS 16 10 20 0 46

1st period

1. SPOKANE KNIGHTS , Valentin Zykov 1 (Alex Tuch 30, Victor Hedman 31) at 12:05
2. SPOKANE KNIGHTS , Kristopher Letang 14 (Matthew Tkachuk 36, Phillip Danault 33) at 13:42 (PP)
3. SALEM BLACK JAYS , Matthew Calvert 7 (Mikko Rantanen 29, Dylan Larkin 43) at 13:58
4. SALEM BLACK JAYS , Mitchell Marner 37 (Mathew Barzal 32, Adam Larsson 9) at 14:38

Penalties :
Tomas Hertl (SPO) for Roughing (Minor) at 2:21, Dylan Larkin (SAL) for Goalie Interference (Minor) at 2:21, Mikko Rantanen (SAL) for Tripping (Minor) at 12:17, Dustin Byfuglien (SPO) for Interference (Minor) at 17:51

2nd period

5. SALEM BLACK JAYS , Mikko Rantanen 32 (Joshua Morrissey 19, Par Lindholm 13) at 6:06
6. SALEM BLACK JAYS , Mikko Rantanen 33 (Dylan Larkin 44) at 6:14
7. SPOKANE KNIGHTS , Matthew Tkachuk 23 (Blake Wheeler 47, Phillip Danault 34) at 12:39 (PP)
8. SPOKANE KNIGHTS , Tomas Hertl 42 (Blake Wheeler 48, Sebastian Aho 65) at 14:00

Penalties :
Scott Mayfield (SAL) for Slashing (Minor) at 12:07, Scott Mayfield (SAL) for Hooking (Minor) at 17:33, Scott Mayfield (SAL) for Hooking (Minor) at 19:33

3rd period

9. SALEM BLACK JAYS , Mitchell Marner 38 (Mathew Barzal 33) at 2:13
10. SPOKANE KNIGHTS , Blake Wheeler 28 (Sebastian Aho 66) at 4:20
11. SALEM BLACK JAYS , Mitchell Marner 39 (Mathew Barzal 34) at 8:08
12. SPOKANE KNIGHTS , Patrick Kane 26 (Mikael Backlund 34) at 17:11

Penalties :
Dylan Larkin (SAL) for Hooking (Minor) at 8:18, Phillip Danault (SPO) for Roughing (Minor) at 8:30

Overtime #1

13. SALEM BLACK JAYS , Dylan Larkin 31 (Mikko Rantanen 30) at 0:04

Penalties :
No Penalty

Goalie Stats

Mike Smith (SAL), 40 saves from 46 shots - (0,870), W, 28-21-4, 60:05 minutes
Branden Komm (SPO), 13 saves from 16 shots - (0,813), OTL, 0-0-1, 33:51 minutes
Braden Holtby (SPO), 6 saves from 10 shots - (0,600), 26:14 minutes

Players Stats for SALEM BLACK JAYS

Player Name              G  A  P  +/- PIM S  H  SB GA TA FO     MP     PP MP  PK MP  
------------------------------------------------------------------------------------
Adam Larsson             0  1  1  -1  0   0  0  2  0  0  0/0    19:22   0:00   2:09 
Anthony DeAngelo         0  0  0   0  0   0  1  0  0  0  0/0     2:51   1:10   0:00 
Casey Cizikas            0  0  0   0  0   1  3  1  0  0  14/26  18:32   0:00   4:02 
Cody Ceci                0  0  0   1  0   0  1  3  0  0  0/0    22:25   1:01   3:58 
Dylan Larkin             1  2  3   2  4   1  2  0  0  0  10/24  17:37   0:58   0:00 
Jason Demers             0  0  0   2  0   0  1  0  0  0  0/0    15:22   0:00   0:00 
Joshua Morrissey         0  1  1   2  0   1  0  4  0  0  0/0    24:20   1:10   3:58 
Kyle Clifford            0  0  0   0  0   0  2  0  0  0  0/0     3:22   0:00   0:00 
Marcus Johansson         0  0  0   1  0   0  2  0  0  0  0/1    18:59   1:13   2:05 
Martin Necas             0  0  0   0  0   4  0  0  0  0  0/0    12:40   0:00   0:00 
Mathew Barzal            0  3  3   1  0   6  2  0  0  0  8/23   17:28   1:13   0:00 
Matthew Calvert          1  0  1   1  0   2  2  0  0  0  0/0    17:34   0:58   0:00 
Michal Kempny            0  0  0  -1  0   0  0  2  0  0  0/0    20:23   1:01   2:09 
Mikko Rantanen           2  2  4   2  2   5  0  1  0  0  3/3    23:49   0:58   0:00 
Mitchell Marner          3  0  3   1  0   6  1  0  0  0  0/1    17:28   1:13   0:00 
Par Lindholm             0  1  1   0  0   0  0  0  0  0  3/7     5:27   0:00   2:05 
Scott Mayfield           0  0  0   2  6   0  2  0  0  0  0/0    15:19   0:00   0:00 
Trevor Lewis             0  0  0   0  0   0  1  0  0  0  1/1    17:18   0:00   4:02 

Players Stats for SPOKANE KNIGHTS

Player Name              G  A  P  +/- PIM S  H  SB GA TA FO     MP     PP MP  PK MP  
------------------------------------------------------------------------------------
Alex Tuch                0  1  1  -1  0   4  0  0  0  0  1/2    18:34   0:00   0:49 
Anton Stralman           0  0  0  -4  0   2  1  0  0  0  0/0    21:53   2:55   1:03 
Blake Wheeler            1  2  3  -1  0   5  0  0  0  0  1/2    20:02   3:44   0:00 
Cale Makar               0  0  0   1  0   0  0  0  0  0  0/0    16:27   3:12   0:00 
Dustin Byfuglien         0  0  0   1  2   2  2  0  0  0  0/0    22:30   2:55   0:00 
Kristopher Letang        1  0  1  -4  0   3  0  0  0  0  0/0    23:11   3:12   1:08 
Marcus Kruger            0  0  0   0  0   0  0  0  0  0  2/3     3:43   0:00   0:00 
Matthew Tkachuk          1  1  2   0  0   5  4  0  0  0  1/2    19:09   3:44   0:00 
Mikael Backlund          0  1  1   0  0   2  1  0  0  0  11/19  18:37   2:23   0:49 
Patrick Kane             1  0  1   0  0   7  2  0  0  0  0/1    17:48   2:23   0:00 
Phillip Danault          0  2  2  -1  2   1  2  1  0  0  12/25  19:30   3:43   1:10 
Sebastian Aho            0  2  2  -2  0   2  2  1  0  0  15/24  17:05   0:00   0:00 
Tomas Hertl              1  0  1  -2  2   8  1  0  0  0  1/3    18:03   2:23   0:00 
Tyler Pitlick            0  0  0   0  0   1  0  0  0  0  0/0     0:12   0:00   0:12 
Valentin Zykov           1  0  1   0  0   1  0  0  0  0  1/1     3:43   0:00   0:00 
Victor Hedman            0  1  1   0  0   2  1  0  0  0  0/0    21:45   0:00   1:08 
Vincent Trocheck         0  0  0  -1  0   1  0  0  0  0  2/4    17:45   0:00   1:22 
Zdeno Chara              0  0  0   1  0   0  0  0  0  0  0/0    14:18   0:00   1:03 

3 Stars

1 - Mitchell Marner (SAL)
2 - Mikko Rantanen (SAL)
3 - Mathew Barzal (SAL)

Power Play

SALEM BLACK JAYS - 0 on 2 Attempt(s) - 0,00%
SPOKANE KNIGHTS - 2 on 5 Attempt(s) - 40,00%

Penalty Kill

SALEM BLACK JAYS - 3 on 5 Attempt(s) - 60,00% - Score 0 goal in Penalty Kill
SPOKANE KNIGHTS - 2 on 2 Attempt(s) - 100,00% - Score 0 goal in Penalty Kill

Team Stat

SALEM BLACK JAYS - Hits : 20 - Faceoff Wins : 39 - Blocked Shots : 13 - Penalty Minutes : 12
SPOKANE KNIGHTS - Hits : 16 - Faceoff Wins : 47 - Blocked Shots : 2 - Penalty Minutes : 6

Official

Referees : Mark Lemelin and Jarrod Ragusin
Linesman : Justin Hedlund and Adam Harris

Game Notes

Branden Komm enters game at 6:14 of 2nd period
Mitchell Marner has scored a Hat Trick!

Finance

Level 1 -- Attendance: 8350 (100,00%) -- Ticket Income 1 060 450 $
Level 2 -- Attendance: 5916 (96,98%) -- Ticket Income 508 776 $
Level 3 -- Attendance: 2286 (95,25%) -- Ticket Income 137 160 $
Level 4 -- Attendance: 6000 (100,00%) -- Ticket Income 234 000 $
Luxury Box -- Attendance: 1150 (100,00%) -- Ticket Income 293 250 $
Total Attendance: 23702 (98,76%)
Total Ticket Income: 2 233 636 $
Other Income: 670 091 $
Total Income: 2 903 727 $

SALEM BLACK JAYS

5 vs 5 Forward 
   Center                   Left Wing                Right Wing               Time % Phy DF OF 
 1 Dylan Larkin             Matthew Calvert          Mikko Rantanen           36     0   1  4  
 2 Mathew Barzal            Marcus Johansson         Mitchell Marner          31     0   1  4  
 3 Casey Cizikas            Trevor Lewis             Martin Necas             23     1   2  2  
 4 Par Lindholm             Kyle Clifford            Mikko Rantanen           10     1   3  1  

5 vs 5 Defense 
   Defense                  Defense                                           Time % Phy DF OF 
 1 Joshua Morrissey         Cody Ceci                                         36     1   2  2  
 2 Adam Larsson             Michal Kempny                                     31     1   2  2  
 3 Scott Mayfield           Jason Demers                                      23     1   2  2  
 4 Anthony DeAngelo         Joshua Morrissey                                  10     1   2  2  

PowerPlay Forward 
   Center                   Left Wing                Right Wing               Time % Phy DF OF 
 1 Dylan Larkin             Matthew Calvert          Mikko Rantanen           55     0   0  5  
 2 Mathew Barzal            Marcus Johansson         Mitchell Marner          45     0   0  5  

PowerPlay Defense
   Defense                  Defense                                           Time % Phy DF OF 
 1 Joshua Morrissey         Anthony DeAngelo                                  55     0   2  3  
 2 Cody Ceci                Michal Kempny                                     45     0   2  3  

Penalty Kill 4 Players Forward 
   Center                   Wing                     Time % Phy DF OF 
 1 Casey Cizikas            Trevor Lewis             55     1   2  2  
 2 Par Lindholm             Marcus Johansson         45     1   2  2  

Penalty Kill 4 Players Defense
   Defense                  Defense                  Time % Phy DF OF 
 1 Joshua Morrissey         Cody Ceci                55     1   2  2  
 2 Adam Larsson             Michal Kempny            45     1   2  2  

Penalty Kill - 3 Players Forward 
   Forward                                           Time % Phy DF OF 
 1 Casey Cizikas                                     55     1   2  2  
 2 Matthew Calvert                                   45     1   2  2  

Penalty Kill - 3 Players Defense
   Defense                  Defense                  Time % Phy DF OF 
 1 Joshua Morrissey         Cody Ceci                55     1   2  2  
 2 Adam Larsson             Michal Kempny            45     1   2  2  

4 vs 4 Forward 
   Center                   Wing                     Time % Phy DF OF 
 1 Dylan Larkin             Mikko Rantanen           55     1   2  2  
 2 Mathew Barzal            Mitchell Marner          45     1   2  2  

4 vs 4 Defense
   Defense                  Defense                  Time % Phy DF OF 
 1 Joshua Morrissey         Cody Ceci                55     1   2  2  
 2 Adam Larsson             Michal Kempny            45     1   2  2  

Last Minutes Offensive
   Center                   Left Wing                Right Wing               Defense                  Defense                  
   Dylan Larkin             Matthew Calvert          Mikko Rantanen           Joshua Morrissey         Anthony DeAngelo         

Last Minutes Defensive
   Center                   Left Wing                Right Wing               Defense                  Defense                  
   Dylan Larkin             Matthew Calvert          Mikko Rantanen           Joshua Morrissey         Anthony DeAngelo         

Goaltenders
Starting : Mike Smith               
Backup : Juuse Saros              

Extra Forwards
Normal : Casey Cizikas, Trevor Lewis, Martin Necas - PP : Casey Cizikas, Trevor Lewis - PK : Martin Necas
Extra Defensemen
Normal : Scott Mayfield, Jason Demers, Anthony DeAngelo - PP : Scott Mayfield - PK : Jason Demers, Anthony DeAngelo
Penalty Shots
Mikko Rantanen, Dylan Larkin, Mitchell Marner, Mathew Barzal, Matthew Calvert
Custom OT Lines Forwards
Mikko Rantanen, Dylan Larkin, Mitchell Marner, Mathew Barzal, Matthew Calvert, Casey Cizikas, Marcus Johansson, Trevor Lewis, Martin Necas, Par Lindholm
Custom OT Lines Defensemen
Joshua Morrissey, Cody Ceci, Adam Larsson, Michal Kempny, Scott Mayfield

Scratches
Andrew Welinski (Healthy), Calle Rosen (Healthy), Devante Stephens (Healthy), Jimmy Schuldt (Healthy), Nicolas Kerdiles (Healthy)
Scott Kosmachuk (Healthy), Harri Sateri (Healthy)

SPOKANE KNIGHTS

5 vs 5 Forward 
   Center                   Left Wing                Right Wing               Time % Phy DF OF 
 1 Sebastian Aho            Tomas Hertl              Blake Wheeler            32     1   2  2  
 2 Mikael Backlund          Matthew Tkachuk          Patrick Kane             32     1   2  2  
 3 Phillip Danault          Vincent Trocheck         Alex Tuch                29     1   2  2  
 4 Marcus Kruger            Valentin Zykov           Alex Tuch                7      1   2  2  

5 vs 5 Defense 
   Defense                  Defense                                           Time % Phy DF OF 
 1 Anton Stralman           Kristopher Letang                                 35     1   2  2  
 2 Victor Hedman            Dustin Byfuglien                                  35     1   2  2  
 3 Cale Makar               Zdeno Chara                                       15     1   2  2  
 4 Cale Makar               Zdeno Chara                                       15     1   2  2  

PowerPlay Forward 
   Center                   Left Wing                Right Wing               Time % Phy DF OF 
 1 Phillip Danault          Matthew Tkachuk          Blake Wheeler            60     1   1  3  
 2 Mikael Backlund          Tomas Hertl              Patrick Kane             40     1   1  3  

PowerPlay Defense
   Defense                  Defense                                           Time % Phy DF OF 
 1 Cale Makar               Kristopher Letang                                 60     1   1  3  
 2 Dustin Byfuglien         Anton Stralman                                    40     1   1  3  

Penalty Kill 4 Players Forward 
   Center                   Wing                     Time % Phy DF OF 
 1 Phillip Danault          Vincent Trocheck         55     1   3  1  
 2 Mikael Backlund          Alex Tuch                45     1   3  1  

Penalty Kill 4 Players Defense
   Defense                  Defense                  Time % Phy DF OF 
 1 Zdeno Chara              Anton Stralman           60     1   3  1  
 2 Kristopher Letang        Victor Hedman            40     1   3  1  

Penalty Kill - 3 Players Forward 
   Forward                                           Time % Phy DF OF 
 1 Phillip Danault                                   60     0   5  0  
 2 Mikael Backlund                                   40     0   5  0  

Penalty Kill - 3 Players Defense
   Defense                  Defense                  Time % Phy DF OF 
 1 Kristopher Letang        Victor Hedman            60     0   5  0  
 2 Anton Stralman           Zdeno Chara              40     0   5  0  

4 vs 4 Forward 
   Center                   Wing                     Time % Phy DF OF 
 1 Sebastian Aho            Tomas Hertl              50     1   2  2  
 2 Phillip Danault          Blake Wheeler            50     1   2  2  

4 vs 4 Defense
   Defense                  Defense                  Time % Phy DF OF 
 1 Kristopher Letang        Victor Hedman            60     1   2  2  
 2 Anton Stralman           Dustin Byfuglien         40     1   2  2  

Last Minutes Offensive
   Center                   Left Wing                Right Wing               Defense                  Defense                  
   Sebastian Aho            Tomas Hertl              Blake Wheeler            Kristopher Letang        Victor Hedman            

Last Minutes Defensive
   Center                   Left Wing                Right Wing               Defense                  Defense                  
   Phillip Danault          Tomas Hertl              Blake Wheeler            Kristopher Letang        Victor Hedman            

Goaltenders
Starting : Braden Holtby            
Backup : Branden Komm             

Extra Forwards
Normal : Vincent Trocheck, Blake Wheeler, Matthew Tkachuk - PP : Vincent Trocheck, Phillip Danault - PK : Tyler Pitlick
Extra Defensemen
Normal : Cale Makar, Zdeno Chara, Anton Stralman - PP : Cale Makar - PK : Dustin Byfuglien, Cale Makar
Penalty Shots
Matthew Tkachuk, Patrick Kane, Tomas Hertl, Dustin Byfuglien, Blake Wheeler
Custom OT Lines Forwards
Sebastian Aho, Tomas Hertl, Phillip Danault, Blake Wheeler, Patrick Kane, Matthew Tkachuk, Mikael Backlund, Vincent Trocheck, Alex Tuch, Tyler Pitlick
Custom OT Lines Defensemen
Kristopher Letang, Victor Hedman, Anton Stralman, Dustin Byfuglien, Cale Makar

Scratches
None


% Time on Ice - SALEM BLACK JAYS

Lines # - Real PCT - Wanted PCT - Time Play
Normal Forward
1 - 35% - 36% - 16:36
2 - 32% - 31% - 15:18
3 - 26% - 23% - 12:40
4 - 7% - 10% - 3:22
Normal Defense
1 - 32% - 36% - 15:11
2 - 33% - 31% - 15:42
3 - 32% - 23% - 15:22
4 - 4% - 10% - 1:41
PP Forward
1 - 44% - 55% - 0:58
2 - 56% - 45% - 1:13
PP Defense
1 - 53% - 55% - 1:10
2 - 47% - 45% - 1:01
PK Forward
1 - 66% - 55% - 4:02
2 - 34% - 45% - 2:05
PK Defense
1 - 65% - 55% - 3:58
2 - 35% - 45% - 2:09
PK3 Forward
1 - 0% - 55%
2 - 0% - 45%
PK3 Defense
1 - 0% - 55%
2 - 0% - 45%
44 Forward
1 - 75% - 55% - 2:49
2 - 25% - 45% - 0:57
44 Defense
1 - 60% - 55% - 2:15
2 - 40% - 45% - 1:31
Last Minute Offensive  - 0:00
Last Minute Defensive  - 0:00
Total
Forward - 60:00
Defense - 60:00

% Time on Ice - SPOKANE KNIGHTS

Lines # - Real PCT - Wanted PCT - Time Play
Normal Forward
1 - 31% - 32% - 14:46
2 - 32% - 32% - 15:25
3 - 29% - 29% - 14:02
4 - 8% - 7% - 3:43
Normal Defense
1 - 34% - 35% - 16:30
2 - 38% - 35% - 18:11
3 - 15% - 15% - 7:03
4 - 13% - 15% - 6:12
PP Forward
1 - 61% - 60% - 3:44
2 - 39% - 40% - 2:23
PP Defense
1 - 52% - 60% - 3:12
2 - 48% - 40% - 2:55
PK Forward
1 - 63% - 55% - 1:22
2 - 37% - 45% - 0:49
PK Defense
1 - 48% - 60% - 1:03
2 - 52% - 40% - 1:08
PK3 Forward
1 - 0% - 60%
2 - 0% - 40%
PK3 Defense
1 - 0% - 60%
2 - 0% - 40%
44 Forward
1 - 59% - 50% - 2:14
2 - 41% - 50% - 1:32
44 Defense
1 - 62% - 60% - 2:21
2 - 38% - 40% - 1:25
Last Minute Offensive  - 0:00
Last Minute Defensive  - 0:00
Total
Forward - 60:00
Defense - 60:00

Play-by-Play

1st period


0:01 of 1st period - Sebastian Aho wins face-off versus Dylan Larkin in neutral zone.
0:24 of 1st period - Cody Ceci is hit by Tomas Hertl and loses puck.
0:29 of 1st period - Shot by Sebastian Aho.
0:29 of 1st period - Shot Blocked by Joshua Morrissey.
0:31 of 1st period - Shot by Tomas Hertl.
0:31 of 1st period - Stopped by Mike Smith without a rebound.
0:32 of 1st period - Mikael Backlund wins face-off versus Mathew Barzal in SALEM BLACK JAYS zone.
0:41 of 1st period - Shot by Patrick Kane.
0:41 of 1st period - Stopped by Mike Smith without a rebound.
0:42 of 1st period - Phillip Danault wins face-off versus Casey Cizikas in SALEM BLACK JAYS zone.
1:04 of 1st period - Shot by Alex Tuch.
1:04 of 1st period - Shot Misses the Net.
2:16 of 1st period - Shot by Mathew Barzal.
2:16 of 1st period - Stopped by Braden Holtby without a rebound.
2:17 of 1st period - Sebastian Aho wins face-off versus Dylan Larkin in SPOKANE KNIGHTS zone.
2:21 of 1st period - Minor Penalty to Tomas Hertl for Roughing.
2:21 of 1st period - Minor Penalty to Dylan Larkin for Goalie Interference.
2:22 of 1st period - Sebastian Aho wins face-off versus Marcus Johansson in neutral zone.
2:30 of 1st period - Sebastian Aho is hit by Cody Ceci and loses puck.
2:44 of 1st period - Icing by Kristopher Letang.
2:45 of 1st period - Sebastian Aho wins face-off versus Mathew Barzal in SPOKANE KNIGHTS zone.
3:12 of 1st period - Victor Hedman is hit by Mathew Barzal and loses puck.
4:01 of 1st period - Icing by Mikko Rantanen.
4:02 of 1st period - Casey Cizikas wins face-off versus Phillip Danault in SALEM BLACK JAYS zone.
5:03 of 1st period - Icing by Scott Mayfield.
5:04 of 1st period - Marcus Kruger wins face-off versus Dylan Larkin in SALEM BLACK JAYS zone.
5:09 of 1st period - Shot by Alex Tuch.
5:09 of 1st period - Stopped by Mike Smith with a rebound.
6:08 of 1st period - Shot by Tomas Hertl.
6:08 of 1st period - Shot Misses the Net.
6:22 of 1st period - Shot by Blake Wheeler.
6:22 of 1st period - Deflect By Tomas Hertl.
6:22 of 1st period - Stopped by Mike Smith with a rebound.
6:24 of 1st period - Shot by Dustin Byfuglien.
6:24 of 1st period - Stopped by Mike Smith without a rebound.
6:25 of 1st period - Mathew Barzal wins face-off versus Mikael Backlund in SALEM BLACK JAYS zone.
6:25 of 1st period - Mathew Barzal is hit by Patrick Kane.
6:37 of 1st period - Shot by Mathew Barzal.
6:37 of 1st period - Stopped by Braden Holtby without a rebound.
6:38 of 1st period - Phillip Danault wins face-off versus Casey Cizikas in SPOKANE KNIGHTS zone.
6:59 of 1st period - Shot by Phillip Danault.
6:59 of 1st period - Shot Blocked by Casey Cizikas.
9:29 of 1st period - Mikko Rantanen is hit by Patrick Kane and loses puck.
10:22 of 1st period - Shot by Alex Tuch.
10:22 of 1st period - Shot Misses the Net.
10:24 of 1st period - Shot by Phillip Danault.
10:24 of 1st period - Shot Misses the Net.
10:34 of 1st period - Shot by Alex Tuch.
10:34 of 1st period - Shot Misses the Net.
10:36 of 1st period - Shot by Alex Tuch.
10:36 of 1st period - Shot Misses the Net.
11:08 of 1st period - Icing by Michal Kempny.
11:09 of 1st period - Sebastian Aho wins face-off versus Casey Cizikas in SALEM BLACK JAYS zone.
11:14 of 1st period - Shot by Blake Wheeler.
11:14 of 1st period - Shot Blocked by Adam Larsson.
11:16 of 1st period - Shot by Victor Hedman.
11:16 of 1st period - Stopped by Mike Smith without a rebound.
11:17 of 1st period - Dylan Larkin wins face-off versus Sebastian Aho in SALEM BLACK JAYS zone.
11:33 of 1st period - Shot by Victor Hedman.
11:33 of 1st period - Stopped by Mike Smith without a rebound.
11:34 of 1st period - Valentin Zykov wins face-off versus Mathew Barzal in SALEM BLACK JAYS zone.
11:37 of 1st period - Shot by Alex Tuch.
11:37 of 1st period - Stopped by Mike Smith with a rebound.
12:05 of 1st period - Shot by Alex Tuch.
12:05 of 1st period - Deflect By Valentin Zykov.
12:05 of 1st period - Goal by Valentin Zykov - SALEM BLACK JAYS : 0 - SPOKANE KNIGHTS : 1.
12:06 of 1st period - Dylan Larkin wins face-off versus Sebastian Aho in neutral zone.
12:08 of 1st period - Mikko Rantanen is hit by Anton Stralman.
12:17 of 1st period - Minor Penalty to Mikko Rantanen for Tripping.
12:18 of 1st period - Casey Cizikas wins face-off versus Phillip Danault in SALEM BLACK JAYS zone.
12:41 of 1st period - Shot by Matthew Tkachuk.
12:41 of 1st period - Shot Misses the Net.
12:43 of 1st period - Shot by Blake Wheeler.
12:43 of 1st period - Stopped by Mike Smith without a rebound.
12:44 of 1st period - Casey Cizikas wins face-off versus Patrick Kane in SALEM BLACK JAYS zone.
13:03 of 1st period - Shot by Tomas Hertl.
13:03 of 1st period - Shot Blocked by Joshua Morrissey.
13:19 of 1st period - Shot by Tomas Hertl.
13:19 of 1st period - Stopped by Mike Smith without a rebound.
13:20 of 1st period - Casey Cizikas wins face-off versus Blake Wheeler in SALEM BLACK JAYS zone.
13:20 of 1st period - Casey Cizikas is hit by Matthew Tkachuk.
13:42 of 1st period - Shot by Kristopher Letang.
13:42 of 1st period - Goal by Kristopher Letang - SALEM BLACK JAYS : 0 - SPOKANE KNIGHTS : 2.
13:43 of 1st period - Dylan Larkin wins face-off versus Marcus Kruger in neutral zone.
13:56 of 1st period - Shot by Mikko Rantanen.
13:56 of 1st period - Shot Misses the Net.
13:58 of 1st period - Shot by Matthew Calvert.
13:58 of 1st period - Goal by Matthew Calvert - SALEM BLACK JAYS : 1 - SPOKANE KNIGHTS : 2.
13:59 of 1st period - Sebastian Aho wins face-off versus Mathew Barzal in neutral zone.
14:02 of 1st period - Shot by Sebastian Aho.
14:02 of 1st period - Shot Misses the Net.
14:38 of 1st period - Shot by Mitchell Marner.
14:38 of 1st period - Goal by Mitchell Marner - SALEM BLACK JAYS : 2 - SPOKANE KNIGHTS : 2.
14:39 of 1st period - Alex Tuch wins face-off versus Dylan Larkin in neutral zone.
14:42 of 1st period - Shot by Vincent Trocheck.
14:42 of 1st period - Stopped by Mike Smith with a rebound.
15:10 of 1st period - Shot by Alex Tuch.
15:10 of 1st period - Shot Blocked by Cody Ceci.
15:35 of 1st period - Icing by Joshua Morrissey.
15:36 of 1st period - Sebastian Aho wins face-off versus Dylan Larkin in SALEM BLACK JAYS zone.
16:00 of 1st period - Shot by Tomas Hertl.
16:00 of 1st period - Shot Blocked by Michal Kempny.
16:02 of 1st period - Shot by Anton Stralman.
16:02 of 1st period - Stopped by Mike Smith without a rebound.
16:03 of 1st period - Mikael Backlund wins face-off versus Casey Cizikas in SALEM BLACK JAYS zone.
16:18 of 1st period - Shot by Trevor Lewis.
16:18 of 1st period - Shot Misses the Net.
16:36 of 1st period - Shot by Casey Cizikas.
16:36 of 1st period - Shot Misses the Net.
17:09 of 1st period - Icing by Adam Larsson.
17:10 of 1st period - Mathew Barzal wins face-off versus Sebastian Aho in SALEM BLACK JAYS zone.
17:10 of 1st period - Mathew Barzal is hit by Sebastian Aho.
17:30 of 1st period - Shot by Mitchell Marner.
17:30 of 1st period - Deflect By Mathew Barzal.
17:30 of 1st period - Shot Hit the Post.
17:38 of 1st period - Shot by Sebastian Aho.
17:38 of 1st period - Stopped by Mike Smith without a rebound.
17:39 of 1st period - Phillip Danault wins face-off versus Dylan Larkin in SALEM BLACK JAYS zone.
17:51 of 1st period - Minor Penalty to Dustin Byfuglien for Interference.
17:52 of 1st period - Dylan Larkin wins face-off versus Phillip Danault in SPOKANE KNIGHTS zone.
19:24 of 1st period - Shot by Alex Tuch.
19:24 of 1st period - Stopped by Mike Smith without a rebound.
19:25 of 1st period - Phillip Danault wins face-off versus Mathew Barzal in SALEM BLACK JAYS zone.
19:58 of 1st period - Shot by Martin Necas.
19:58 of 1st period - Stopped by Braden Holtby without a rebound.
19:59 of 1st period - Casey Cizikas wins face-off versus Sebastian Aho in SPOKANE KNIGHTS zone.
Goals for this period are 2 for SALEM BLACK JAYS vs 2 for SPOKANE KNIGHTS.
Shots for this period are 5 for SALEM BLACK JAYS vs 16 for SPOKANE KNIGHTS.

2nd period


0:01 of 2nd period - Phillip Danault wins face-off versus Dylan Larkin in neutral zone.
0:34 of 2nd period - Shot by Vincent Trocheck.
0:34 of 2nd period - Shot Misses the Net.
0:38 of 2nd period - Shot by Vincent Trocheck.
0:38 of 2nd period - Shot Blocked by Cody Ceci.
0:40 of 2nd period - Shot by Phillip Danault.
0:40 of 2nd period - Shot Misses the Net.
0:42 of 2nd period - Shot by Victor Hedman.
0:42 of 2nd period - Shot Blocked by Cody Ceci.
1:43 of 2nd period - Shot by Mathew Barzal.
1:43 of 2nd period - Shot Hit the Post.
1:45 of 2nd period - Shot by Michal Kempny.
1:45 of 2nd period - Shot Blocked by Sebastian Aho.
2:14 of 2nd period - Shot by Martin Necas.
2:14 of 2nd period - Stopped by Braden Holtby with a rebound.
2:16 of 2nd period - Shot by Casey Cizikas.
2:16 of 2nd period - Stopped by Braden Holtby without a rebound.
2:17 of 2nd period - Par Lindholm wins face-off versus Mikael Backlund in SPOKANE KNIGHTS zone.
2:39 of 2nd period - Shot by Mikael Backlund.
2:39 of 2nd period - Stopped by Mike Smith without a rebound.
2:40 of 2nd period - Casey Cizikas wins face-off versus Phillip Danault in SALEM BLACK JAYS zone.
2:54 of 2nd period - Shot by Martin Necas.
2:54 of 2nd period - Stopped by Braden Holtby without a rebound.
2:55 of 2nd period - Mathew Barzal wins face-off versus Mikael Backlund in SPOKANE KNIGHTS zone.
3:00 of 2nd period - Shot by Mathew Barzal.
3:00 of 2nd period - Shot Misses the Net.
3:32 of 2nd period - Shot by Patrick Kane.
3:32 of 2nd period - Shot Misses the Net.
3:34 of 2nd period - Shot by Matthew Tkachuk.
3:34 of 2nd period - Stopped by Mike Smith without a rebound.
3:35 of 2nd period - Phillip Danault wins face-off versus Dylan Larkin in SALEM BLACK JAYS zone.
3:48 of 2nd period - Phillip Danault is hit by Dylan Larkin and loses puck.
4:48 of 2nd period - Icing by Jason Demers.
4:49 of 2nd period - Casey Cizikas wins face-off versus Sebastian Aho in SALEM BLACK JAYS zone.
5:22 of 2nd period - Shot by Tomas Hertl.
5:22 of 2nd period - Stopped by Mike Smith with a rebound.
6:06 of 2nd period - Shot by Mikko Rantanen.
6:06 of 2nd period - Goal by Mikko Rantanen - SALEM BLACK JAYS : 3 - SPOKANE KNIGHTS : 2.
6:07 of 2nd period - Dylan Larkin wins face-off versus Phillip Danault in neutral zone.
6:12 of 2nd period - Shot by Mikko Rantanen.
6:12 of 2nd period - Shot Blocked by Phillip Danault.
6:14 of 2nd period - Shot by Mikko Rantanen.
6:14 of 2nd period - Goal by Mikko Rantanen - SALEM BLACK JAYS : 4 - SPOKANE KNIGHTS : 2.
6:14 of 2nd period - Branden Komm enters game.
6:15 of 2nd period - Mikael Backlund wins face-off versus Dylan Larkin in neutral zone.
6:42 of 2nd period - Shot by Mikko Rantanen.
6:42 of 2nd period - Stopped by Branden Komm with a rebound.
6:50 of 2nd period - Shot by Matthew Calvert.
6:50 of 2nd period - Stopped by Branden Komm without a rebound.
6:51 of 2nd period - Phillip Danault wins face-off versus Mitchell Marner in SPOKANE KNIGHTS zone.
7:36 of 2nd period - Vincent Trocheck is hit by Mitchell Marner.
7:47 of 2nd period - Vincent Trocheck is hit by Kyle Clifford and loses puck.
8:48 of 2nd period - Shot by Martin Necas.
8:48 of 2nd period - Stopped by Branden Komm without a rebound.
8:49 of 2nd period - Dylan Larkin wins face-off versus Mikael Backlund in SPOKANE KNIGHTS zone.
9:09 of 2nd period - Shot by Mikko Rantanen.
9:09 of 2nd period - Shot Misses the Net.
9:19 of 2nd period - Shot by Patrick Kane.
9:19 of 2nd period - Stopped by Mike Smith with a rebound.
9:21 of 2nd period - Shot by Mikael Backlund.
9:21 of 2nd period - Shot Blocked by Michal Kempny.
10:16 of 2nd period - Victor Hedman is hit by Marcus Johansson and loses puck.
10:23 of 2nd period - Shot by Mitchell Marner.
10:23 of 2nd period - Stopped by Branden Komm with a rebound.
10:25 of 2nd period - Shot by Mathew Barzal.
10:25 of 2nd period - Stopped by Branden Komm without a rebound.
10:26 of 2nd period - Sebastian Aho wins face-off versus Casey Cizikas in SPOKANE KNIGHTS zone.
10:26 of 2nd period - Sebastian Aho is hit by Casey Cizikas.
11:00 of 2nd period - Sebastian Aho is hit by Scott Mayfield and loses puck.
11:07 of 2nd period - Shot by Tomas Hertl.
11:07 of 2nd period - Deflect By Blake Wheeler.
11:07 of 2nd period - Shot Misses the Net.
11:34 of 2nd period - Patrick Kane is hit by Scott Mayfield.
11:46 of 2nd period - Matthew Tkachuk is hit by Casey Cizikas and loses puck.
12:07 of 2nd period - Minor Penalty to Scott Mayfield for Slashing.
12:08 of 2nd period - Par Lindholm wins face-off versus Phillip Danault in SALEM BLACK JAYS zone.
12:08 of 2nd period - Par Lindholm is hit by Matthew Tkachuk.
12:39 of 2nd period - Shot by Matthew Tkachuk.
12:39 of 2nd period - Goal by Matthew Tkachuk - SALEM BLACK JAYS : 4 - SPOKANE KNIGHTS : 3.
12:40 of 2nd period - Marcus Kruger wins face-off versus Dylan Larkin in neutral zone.
12:51 of 2nd period - Shot by Dylan Larkin.
12:51 of 2nd period - Shot Misses the Net.
12:56 of 2nd period - Matthew Calvert is hit by Dustin Byfuglien and loses puck.
13:16 of 2nd period - Mikko Rantanen is hit by Victor Hedman and loses puck.
13:34 of 2nd period - Victor Hedman is hit by Matthew Calvert and loses puck.
14:00 of 2nd period - Shot by Blake Wheeler.
14:00 of 2nd period - Deflect By Tomas Hertl.
14:00 of 2nd period - Goal by Tomas Hertl - SALEM BLACK JAYS : 4 - SPOKANE KNIGHTS : 4.
14:01 of 2nd period - Mathew Barzal wins face-off versus Sebastian Aho in neutral zone.
14:11 of 2nd period - Shot by Tomas Hertl.
14:11 of 2nd period - Deflect By Blake Wheeler.
14:11 of 2nd period - Stopped by Mike Smith without a rebound.
14:12 of 2nd period - Par Lindholm wins face-off versus Mikael Backlund in SALEM BLACK JAYS zone.
14:12 of 2nd period - Par Lindholm is hit by Matthew Tkachuk.
14:31 of 2nd period - Zdeno Chara is hit by Kyle Clifford and loses puck.
14:59 of 2nd period - Icing by Zdeno Chara.
15:00 of 2nd period - Mathew Barzal wins face-off versus Mikael Backlund in SPOKANE KNIGHTS zone.
15:43 of 2nd period - Anton Stralman is hit by Marcus Johansson and loses puck.
16:02 of 2nd period - Shot by Phillip Danault.
16:02 of 2nd period - Shot Blocked by Adam Larsson.
16:25 of 2nd period - Icing by Victor Hedman.
16:26 of 2nd period - Sebastian Aho wins face-off versus Dylan Larkin in SPOKANE KNIGHTS zone.
16:26 of 2nd period - Sebastian Aho is hit by Dylan Larkin.
16:52 of 2nd period - Sebastian Aho is hit by Jason Demers and loses puck.
16:57 of 2nd period - Shot by Tomas Hertl.
16:57 of 2nd period - Shot Blocked by Mikko Rantanen.
17:33 of 2nd period - Minor Penalty to Scott Mayfield for Hooking.
17:34 of 2nd period - Phillip Danault wins face-off versus Casey Cizikas in SALEM BLACK JAYS zone.
18:23 of 2nd period - Joshua Morrissey is hit by Mikael Backlund.
18:30 of 2nd period - Icing by Anton Stralman.
18:31 of 2nd period - Mikael Backlund wins face-off versus Par Lindholm in SPOKANE KNIGHTS zone.
19:33 of 2nd period - Minor Penalty to Scott Mayfield for Hooking.
19:34 of 2nd period - Phillip Danault wins face-off versus Par Lindholm in SALEM BLACK JAYS zone.
19:37 of 2nd period - Shot by Matthew Tkachuk.
19:37 of 2nd period - Stopped by Mike Smith with a rebound.
19:39 of 2nd period - Shot by Kristopher Letang.
19:39 of 2nd period - Stopped by Mike Smith without a rebound.
19:40 of 2nd period - Matthew Tkachuk wins face-off versus Par Lindholm in SALEM BLACK JAYS zone.
19:45 of 2nd period - Shot by Matthew Tkachuk.
19:45 of 2nd period - Stopped by Mike Smith without a rebound.
19:46 of 2nd period - Casey Cizikas wins face-off versus Phillip Danault in SALEM BLACK JAYS zone.
Goals for this period are 2 for SALEM BLACK JAYS vs 2 for SPOKANE KNIGHTS.
Shots for this period are 10 for SALEM BLACK JAYS vs 10 for SPOKANE KNIGHTS.

3rd period


0:01 of 3rd period - Phillip Danault wins face-off versus Casey Cizikas in neutral zone.
0:06 of 3rd period - Shot by Kristopher Letang.
0:06 of 3rd period - Stopped by Mike Smith with a rebound.
0:08 of 3rd period - Shot by Kristopher Letang.
0:08 of 3rd period - Shot Blocked by Joshua Morrissey.
0:10 of 3rd period - Shot by Kristopher Letang.
0:10 of 3rd period - Shot Blocked by Joshua Morrissey.
1:22 of 3rd period - Shot by Patrick Kane.
1:22 of 3rd period - Shot Misses the Net.
1:48 of 3rd period - Icing by Adam Larsson.
1:49 of 3rd period - Mikko Rantanen wins face-off versus Phillip Danault in SALEM BLACK JAYS zone.
1:49 of 3rd period - Mikko Rantanen is hit by Phillip Danault.
1:59 of 3rd period - Off-side.
2:00 of 3rd period - Mathew Barzal wins face-off versus Tomas Hertl in neutral zone.
2:07 of 3rd period - Shot by Mathew Barzal.
2:07 of 3rd period - Shot Misses the Net.
2:09 of 3rd period - Shot by Mitchell Marner.
2:09 of 3rd period - Stopped by Branden Komm with a rebound.
2:11 of 3rd period - Shot by Mathew Barzal.
2:11 of 3rd period - Stopped by Branden Komm with a rebound.
2:13 of 3rd period - Shot by Mitchell Marner.
2:13 of 3rd period - Goal by Mitchell Marner - SALEM BLACK JAYS : 5 - SPOKANE KNIGHTS : 4.
2:14 of 3rd period - Dylan Larkin wins face-off versus Phillip Danault in neutral zone.
2:52 of 3rd period - Shot by Matthew Calvert.
2:52 of 3rd period - Shot Misses the Net.
2:54 of 3rd period - Shot by Dylan Larkin.
2:54 of 3rd period - Shot Misses the Net.
2:56 of 3rd period - Shot by Adam Larsson.
2:56 of 3rd period - Shot Misses the Net.
3:56 of 3rd period - Shot by Matthew Tkachuk.
3:56 of 3rd period - Stopped by Mike Smith without a rebound.
3:57 of 3rd period - Sebastian Aho wins face-off versus Casey Cizikas in SALEM BLACK JAYS zone.
4:04 of 3rd period - Shot by Blake Wheeler.
4:04 of 3rd period - Stopped by Mike Smith without a rebound.
4:05 of 3rd period - Sebastian Aho wins face-off versus Par Lindholm in SALEM BLACK JAYS zone.
4:20 of 3rd period - Shot by Blake Wheeler.
4:20 of 3rd period - Goal by Blake Wheeler - SALEM BLACK JAYS : 5 - SPOKANE KNIGHTS : 5.
4:21 of 3rd period - Phillip Danault wins face-off versus Casey Cizikas in neutral zone.
5:05 of 3rd period - Icing by Vincent Trocheck.
5:06 of 3rd period - Dylan Larkin wins face-off versus Phillip Danault in SPOKANE KNIGHTS zone.
5:43 of 3rd period - Mikko Rantanen is hit by Phillip Danault and loses puck.
6:33 of 3rd period - Shot by Tomas Hertl.
6:33 of 3rd period - Shot Misses the Net.
6:35 of 3rd period - Shot by Tomas Hertl.
6:35 of 3rd period - Stopped by Mike Smith without a rebound.
6:36 of 3rd period - Mikael Backlund wins face-off versus Casey Cizikas in SALEM BLACK JAYS zone.
6:37 of 3rd period - Shot by Matthew Tkachuk.
6:37 of 3rd period - Shot Misses the Net.
7:01 of 3rd period - Shot by Martin Necas.
7:01 of 3rd period - Shot Misses the Net.
7:03 of 3rd period - Shot by Adam Larsson.
7:03 of 3rd period - Shot Misses the Net.
7:05 of 3rd period - Shot by Casey Cizikas.
7:05 of 3rd period - Shot Misses the Net.
7:11 of 3rd period - Shot by Trevor Lewis.
7:11 of 3rd period - Shot Misses the Net.
7:41 of 3rd period - Icing by Sebastian Aho.
7:42 of 3rd period - Sebastian Aho wins face-off versus Mathew Barzal in SPOKANE KNIGHTS zone.
8:08 of 3rd period - Shot by Mitchell Marner.
8:08 of 3rd period - Goal by Mitchell Marner - SALEM BLACK JAYS : 6 - SPOKANE KNIGHTS : 5.
8:09 of 3rd period - Mikko Rantanen wins face-off versus Phillip Danault in neutral zone.
8:12 of 3rd period - Phillip Danault is hit by Matthew Calvert and loses puck.
8:18 of 3rd period - Minor Penalty to Dylan Larkin for Hooking.
8:19 of 3rd period - Casey Cizikas wins face-off versus Phillip Danault in SALEM BLACK JAYS zone.
8:19 of 3rd period - Casey Cizikas is hit by Matthew Tkachuk.
8:30 of 3rd period - Minor Penalty to Phillip Danault for Roughing.
8:31 of 3rd period - Mikko Rantanen wins face-off versus Vincent Trocheck in SPOKANE KNIGHTS zone.
8:48 of 3rd period - Shot by Joshua Morrissey.
8:48 of 3rd period - Stopped by Branden Komm without a rebound.
8:49 of 3rd period - Casey Cizikas wins face-off versus Sebastian Aho in SPOKANE KNIGHTS zone.
8:50 of 3rd period - Shot by Mikko Rantanen.
8:50 of 3rd period - Shot Misses the Net.
8:52 of 3rd period - Shot by Mikko Rantanen.
8:52 of 3rd period - Stopped by Branden Komm without a rebound.
8:53 of 3rd period - Casey Cizikas wins face-off versus Vincent Trocheck in SPOKANE KNIGHTS zone.
9:13 of 3rd period - Blake Wheeler is hit by Casey Cizikas and loses puck.
9:25 of 3rd period - Icing by Joshua Morrissey.
9:26 of 3rd period - Sebastian Aho wins face-off versus Casey Cizikas in SALEM BLACK JAYS zone.
9:33 of 3rd period - Shot by Dustin Byfuglien.
9:33 of 3rd period - Stopped by Mike Smith with a rebound.
9:35 of 3rd period - Shot by Anton Stralman.
9:35 of 3rd period - Stopped by Mike Smith without a rebound.
9:36 of 3rd period - Trevor Lewis wins face-off versus Sebastian Aho in SALEM BLACK JAYS zone.
9:41 of 3rd period - Anton Stralman is hit by Trevor Lewis and loses puck.
10:11 of 3rd period - Shot by Tomas Hertl.
10:11 of 3rd period - Stopped by Mike Smith without a rebound.
10:12 of 3rd period - Vincent Trocheck wins face-off versus Mathew Barzal in SALEM BLACK JAYS zone.
10:13 of 3rd period - Shot by Blake Wheeler.
10:13 of 3rd period - Stopped by Mike Smith without a rebound.
10:14 of 3rd period - Blake Wheeler wins face-off versus Mathew Barzal in SALEM BLACK JAYS zone.
10:19 of 3rd period - Shot by Tyler Pitlick.
10:19 of 3rd period - Stopped by Mike Smith without a rebound.
10:20 of 3rd period - Vincent Trocheck wins face-off versus Mathew Barzal in SALEM BLACK JAYS zone.
10:31 of 3rd period - Icing by Vincent Trocheck.
10:32 of 3rd period - Mikael Backlund wins face-off versus Mathew Barzal in SPOKANE KNIGHTS zone.
10:43 of 3rd period - Icing by Cody Ceci.
10:44 of 3rd period - Mathew Barzal wins face-off versus Sebastian Aho in SALEM BLACK JAYS zone.
11:09 of 3rd period - Icing by Joshua Morrissey.
11:10 of 3rd period - Mathew Barzal wins face-off versus Matthew Tkachuk in SALEM BLACK JAYS zone.
11:29 of 3rd period - Shot by Mathew Barzal.
11:29 of 3rd period - Stopped by Branden Komm with a rebound.
11:40 of 3rd period - Off-side.
11:41 of 3rd period - Tomas Hertl wins face-off versus Dylan Larkin in neutral zone.
11:46 of 3rd period - Matthew Calvert is hit by Sebastian Aho and loses puck.
12:19 of 3rd period - Shot by Tomas Hertl.
12:19 of 3rd period - Stopped by Mike Smith without a rebound.
12:20 of 3rd period - Casey Cizikas wins face-off versus Mikael Backlund in SALEM BLACK JAYS zone.
12:29 of 3rd period - Shot by Patrick Kane.
12:29 of 3rd period - Stopped by Mike Smith without a rebound.
12:30 of 3rd period - Mikael Backlund wins face-off versus Mathew Barzal in SALEM BLACK JAYS zone.
12:48 of 3rd period - Shot by Mitchell Marner.
12:48 of 3rd period - Stopped by Branden Komm with a rebound.
12:50 of 3rd period - Shot by Mitchell Marner.
12:50 of 3rd period - Deflect By Mathew Barzal.
12:50 of 3rd period - Stopped by Branden Komm without a rebound.
12:51 of 3rd period - Dylan Larkin wins face-off versus Phillip Danault in SPOKANE KNIGHTS zone.
13:06 of 3rd period - Shot by Mikko Rantanen.
13:06 of 3rd period - Shot Misses the Net.
13:08 of 3rd period - Shot by Dylan Larkin.
13:08 of 3rd period - Shot Misses the Net.
13:34 of 3rd period - Shot by Alex Tuch.
13:34 of 3rd period - Shot Misses the Net.
14:45 of 3rd period - Icing by Mitchell Marner.
14:46 of 3rd period - Mikael Backlund wins face-off versus Mathew Barzal in SALEM BLACK JAYS zone.
15:07 of 3rd period - Mikael Backlund is hit by Mathew Barzal.
15:34 of 3rd period - Shot by Matthew Tkachuk.
15:34 of 3rd period - Deflect By Patrick Kane.
15:34 of 3rd period - Stopped by Mike Smith without a rebound.
15:35 of 3rd period - Casey Cizikas wins face-off versus Alex Tuch in SALEM BLACK JAYS zone.
16:11 of 3rd period - Shot by Vincent Trocheck.
16:11 of 3rd period - Deflect By Alex Tuch.
16:11 of 3rd period - Stopped by Mike Smith with a rebound.
16:13 of 3rd period - Shot by Phillip Danault.
16:13 of 3rd period - Stopped by Mike Smith with a rebound.
16:15 of 3rd period - Shot by Kristopher Letang.
16:15 of 3rd period - Shot Misses the Net.
16:34 of 3rd period - Icing by Jason Demers.
16:35 of 3rd period - Casey Cizikas wins face-off versus Mikael Backlund in SALEM BLACK JAYS zone.
16:55 of 3rd period - Shot by Patrick Kane.
16:55 of 3rd period - Stopped by Mike Smith without a rebound.
16:56 of 3rd period - Sebastian Aho wins face-off versus Mathew Barzal in SALEM BLACK JAYS zone.
17:05 of 3rd period - Shot by Tomas Hertl.
17:05 of 3rd period - Shot Misses the Net.
17:07 of 3rd period - Shot by Sebastian Aho.
17:07 of 3rd period - Stopped by Mike Smith without a rebound.
17:08 of 3rd period - Mikael Backlund wins face-off versus Dylan Larkin in SALEM BLACK JAYS zone.
17:11 of 3rd period - Shot by Patrick Kane.
17:11 of 3rd period - Goal by Patrick Kane - SALEM BLACK JAYS : 6 - SPOKANE KNIGHTS : 6.
17:12 of 3rd period - Mikael Backlund wins face-off versus Dylan Larkin in neutral zone.
17:41 of 3rd period - Shot by Patrick Kane.
17:41 of 3rd period - Stopped by Mike Smith without a rebound.
17:42 of 3rd period - Phillip Danault wins face-off versus Mathew Barzal in SALEM BLACK JAYS zone.
17:43 of 3rd period - Shot by Vincent Trocheck.
17:43 of 3rd period - Shot Misses the Net.
17:45 of 3rd period - Shot by Phillip Danault.
17:45 of 3rd period - Shot Misses the Net.
17:47 of 3rd period - Shot by Alex Tuch.
17:47 of 3rd period - Shot Misses the Net.
17:49 of 3rd period - Shot by Vincent Trocheck.
17:49 of 3rd period - Shot Misses the Net.
17:51 of 3rd period - Shot by Zdeno Chara.
17:51 of 3rd period - Shot Misses the Net.
18:53 of 3rd period - Shot by Mikko Rantanen.
18:53 of 3rd period - Stopped by Branden Komm with a rebound.
19:04 of 3rd period - Mikael Backlund is hit by Anthony DeAngelo and loses puck.
19:24 of 3rd period - Shot by Mikael Backlund.
19:24 of 3rd period - Stopped by Mike Smith without a rebound.
19:25 of 3rd period - Sebastian Aho wins face-off versus Casey Cizikas in SALEM BLACK JAYS zone.
19:26 of 3rd period - Shot by Blake Wheeler.
19:26 of 3rd period - Shot Misses the Net.
19:40 of 3rd period - Martin Necas is hit by Dustin Byfuglien and loses puck.
19:55 of 3rd period - Off-side.
19:56 of 3rd period - Mikael Backlund wins face-off versus Mathew Barzal in neutral zone.
Goals for this period are 2 for SALEM BLACK JAYS vs 2 for SPOKANE KNIGHTS.
Shots for this period are 10 for SALEM BLACK JAYS vs 20 for SPOKANE KNIGHTS.

Overtime #1


0:01 of 1st overtime period - Dylan Larkin wins face-off versus Tomas Hertl in neutral zone.
0:04 of 1st overtime period - Shot by Dylan Larkin.
0:04 of 1st overtime period - Goal by Dylan Larkin - SALEM BLACK JAYS : 7 - SPOKANE KNIGHTS : 6.
Goals for this period are 1 for SALEM BLACK JAYS vs 0 for SPOKANE KNIGHTS.
Shots for this period are 1 for SALEM BLACK JAYS vs 0 for SPOKANE KNIGHTS.


CAMERON
TALBOT
ROBERT
THOMAS
JOSHUA
MORRISSEY

EAST COAST

HOCKEY LEAGUE

  • 5.MAN2PIT5
  • 6.NHW2ATL6
  • 7.PET2WOR3
  • 8.RHI15
  • 9.CHIQUE
  • 10.LIMCHA
  • 11.LONTRV
  • 12.BALCHW